 Dungeon Crawl Stone Soup version 0.26.0-10-g1f06aea511 (webtiles) character file.

Game seed: 2950646723145606300

8479 HoaS the Grappler (level 11, 0/94 HPs)
             Began as a Ghoul Gladiator on Jan 23, 2021.
             Was a Priest of Makhleb.
             Slain by a komodo dragon (8 damage)
             ... on level 1 of the Lair of Beasts.
             The game lasted 00:14:52 (8365 turns).

HoaS the Grappler (Ghoul Gladiator)                 Turns: 8365, Time: 00:14:53

Health: 0/94       AC: 18    Str: 20    XL:     11   Next: 31%
Magic:  10/10      EV:  9    Int:  3    God:    Makhleb [***...]
Gold:   648        SH:  0    Dex: 12    Spells: 10/10 levels left

rFire    + . .     SeeInvis .     - Unarmed
rCold    + . .     Faith    .   (no shield)
rNeg     + + +     Spirit   .   s - +0 plate armour
rPois    ∞         Reflect  .   b - +0 helmet
rElec    .         Harm     .   y - +2 cloak
rCorr    .         Rampage  .   (no gloves)
Will     .....                  H - +0 pair of boots
Stlth    ..........             (no amulet)
HPRegen  0.00/turn              i - ring of protection from fire
MPRegen  0.12/turn              (no ring)

@: studying Short Blades
A: claws 1, cold resistance 1, negative energy resistance 3, inhibited
regeneration, torment resistance, unbreathing
a: Renounce Religion, Minor Destruction, Lesser Servant of Makhleb


You were on level 1 of the Lair of Beasts.
You worshipped Makhleb.
Makhleb was most pleased with you.
You visited 3 branches of the dungeon, and saw 12 of its levels.

You collected 648 gold pieces.

Inventory:

Missiles
 f - 3 atropa-tipped darts
 j - 13 poisoned darts
 m - 8 javelins
 D - 2 throwing nets (quivered)
Armour
 b - a +0 helmet (worn)
 s - a +0 plate armour (worn)
 y - a +2 cloak (worn)
 H - a +0 pair of boots (worn)
Jewellery
 c - an uncursed ring of ice
 i - a ring of protection from fire (left claw)
Wands
 z - a wand of digging (5)
 B - a wand of disintegration (28)
 E - a wand of random effects (19)
Scrolls
 a - 7 scrolls of remove curse
 o - 6 scrolls of teleportation
 q - 2 scrolls of blinking
 v - a scroll of fog
 w - a scroll of fear
 F - a scroll of torment {unknown}
 G - a scroll of identify
Potions
 d - 3 potions of might
 e - 2 potions of berserk rage {unknown}
 g - 3 potions of haste {unknown}
 h - a potion of attraction {unknown}
 k - a potion of invisibility {unknown}
 l - 4 potions of curing {unknown}
 n - 4 potions of brilliance {unknown}
 p - a potion of heal wounds {unknown}
 r - a potion of resistance {unknown}
 t - 3 potions of lignification {unknown}
 x - a potion of degeneration {unknown}
 A - 2 potions of flight {unknown}
 C - a potion of ambrosia {unknown}
Books
 u - a manual of Short Blades


   Skills:
 + Level 7.8 Fighting
 - Level 1.7 Throwing
 + Level 6.1 Armour
 + Level 6.8 Dodging
 + Level 13.7 Unarmed Combat


You had 10 spell levels left.
You didn't know any spells.
Your spell library contained the following spells:

 Spells                   Type           Power        Failure   Level
 Animate Skeleton         Necr           0%           100%        1
 Apportation              Tloc           0%           100%        1
 Corona                   Hex            0%           100%        1
 Magic Dart               Conj           0%           100%        1
 Summon Small Mammal      Summ           0%           100%        1
 Blink                    Tloc           N/A          100%        2
 Call Imp                 Summ           0%           100%        2
 Slow                     Hex            0%           100%        2
 Conjure Flame            Conj/Fire      0%           100%        3
 Mephitic Cloud           Conj/Pois/Air  0%           100%        3


Dungeon Overview and Level Annotations

Branches:
Dungeon (10/15)            Temple (1/1) D:5            Lair (1/6) D:10
    Orc: D:9-12

Altars:
Ashenzari
Cheibriados
Dithmenos
Elyvilon
Fedhas
Gozag
Hepliaklqana
Kikubaaqudgha
Makhleb
Nemelex Xobeh
Okawaru
Qazlal
Ru
Sif Muna
Trog
Uskayaw
Vehumet
Wu Jian
Xom
Yredelemnul
Zin
The Shining One

Shops:
D:5 **=(   D:9 (

Annotations:
D:8 2 transporters, night's ghost, novice TrMo
Lair:1 Nergalle


Innate Abilities, Weirdness & Mutations

You thrive by killing the living.
You are immune to poison.
You have sharp fingernails.
Your flesh is cold resistant. (rC+)
You are immune to negative energy. (rN+++)
You do not regenerate when monsters are visible.
You are immune to unholy pain and torment.
You can survive without breathing.


Message History

The spectral orc knight hits you with a +0 dire flail.
The spectral orc warrior hits you but does no damage.
The komodo dragon bites you.
* * * LOW HITPOINT WARNING * * *
Nergalle hits you but does no damage.
You scratch Nergalle. Your claw misses Nergalle.
Nergalle is almost dead.
The spectral orc closely misses you. The komodo dragon bites you!
* * * LOW HITPOINT WARNING * * *
The spectral orc warrior barely misses you.
The spectral orc knight barely misses you.
The komodo dragon barely misses you.
You scratch Nergalle.
Nergalle is almost dead.
The spectral orc hits you but does no damage.
Nergalle grimaces horribly.
Nergalle hits you but does no damage.
The spectral orc warrior barely misses you.
The komodo dragon bites you!
You die...

##......#...
P.......... ##.........
#P.......# .
##........#.#
####.#..........
.......llo.......
........@Z.......
###.#.Z.Z......
#.......... #.......#P#
#......## # #.......#
###.......######
########.#.###........#
#..........##P........#


You could see Nergalle, 2 komodo dragons, a spectral orc (summoned, fast), a
spectral orc warrior (summoned, fast) and a spectral orc knight (summoned).

Vanquished Creatures
  Gastronok (D:8)
  Fannar (D:10)
  Pikel (D:7)
  A centaur zombie (D:10)
  A troll (D:10)
  6 yaks (D:9)
  A wyvern (D:10)
  Eustachio (D:6)
  Grum (D:8)
  Edmund (D:5)
  A water moccasin (Lair:1)
  2 orc warriors
  2 sky beasts
  2 phantoms
  4 ogres
  A centaur (D:7)
  2 wolves
  2 lemures
  8 bullfrogs
  6 scorpions
  A killer bee (D:5)
  An electric eel (D:10)
  9 wights
  5 howler monkeys
  A bullfrog zombie (D:9)
  A quasit (D:8)
  5 hounds
  2 bullfrog skeletons
  8 orc wizards
  Crazy Yiuf (D:5)
  A jelly (D:7)
  4 orc priests
  An iguana (D:10)
  12 worker ants
  A killer bee zombie (D:5)
  2 worker ant zombies
  6 adders
  2 shadow imps
  An ooze (D:1)
  3 adder zombies
  5 worms
  A dart slug (D:1)
  2 leopard geckos
  32 orcs
  7 bats
  12 giant cockroaches
  10 goblins
  8 hobgoblins
  10 jackals
  2 kobolds (D:2)
  A quokka (D:8)
  A ball python (D:1)
  2 frilled lizards (D:1)
  A jackal skeleton (D:7)
  A quokka skeleton (D:9)
  4 rats
211 creatures vanquished.

Notes
Turn   | Place    | Note
-------+----------+-------------------------------------------
     0 | D:1      | HoaS the Ghoul Gladiator began the quest for the Orb.
     0 | D:1      | Reached XP level 1. HP: 17/17 MP: 0/0
   143 | D:1      | Reached skill level 4 in Unarmed Combat
   143 | D:1      | Reached XP level 2. HP: 20/24 MP: 1/1
   261 | D:1      | Reached XP level 3. HP: 29/29 MP: 2/2
   549 | D:2      | Found a blossoming altar of Fedhas.
   595 | D:2      | Reached skill level 5 in Unarmed Combat
   829 | D:2      | Reached XP level 4. HP: 36/36 MP: 3/3
  1644 | D:4      | Found a stormy altar of Qazlal.
  1644 | D:4      | Found a hide-covered altar of Uskayaw.
  1656 | D:4      | Reached skill level 6 in Unarmed Combat
  1656 | D:4      | Reached XP level 5. HP: 41/41 MP: 4/4
  1947 | D:5      | Entered Level 5 of the Dungeon
  1982 | D:5      | Reached skill level 7 in Unarmed Combat
  1999 | D:5      | Reached XP level 6. HP: 46/48 MP: 5/5
  2015 | D:5      | Found Acihejox's Weapon Shop.
  2550 | D:5      | Noticed Edmund
  2579 | D:5      | Killed Edmund
  2580 | D:5      | Reached skill level 8 in Unarmed Combat
  2580 | D:5      | Reached XP level 7. HP: 51/55 MP: 6/6
  2588 | D:5      | Found Uhad's General Store.
  2631 | D:5      | Found Eschuany's Jewellery Emporium.
  2653 | D:5      | Found a staircase to the Ecumenical Temple.
  2665 | Temple   | Entered the Ecumenical Temple
  2789 | Temple   | Became a worshipper of Makhleb the Destroyer
  2864 | D:5      | Found a runed translucent door.
  2865 | D:5      | Found a runed translucent door.
  2890 | D:5      | Reached skill level 9 in Unarmed Combat
  3147 | D:5      | Found a runed translucent door.
  3148 | D:5      | Noticed Crazy Yiuf
  3164 | D:5      | Found Esois's Assorted Antiques.
  3244 | D:5      | Killed Crazy Yiuf
  3373 | D:5      | Reached skill level 10 in Unarmed Combat
  3376 | D:5      | Reached XP level 8. HP: 61/61 MP: 7/7
  3459 | D:6      | Noticed Eustachio
  3468 | D:6      | Killed Eustachio
  3596 | D:6      | Reached * piety under Makhleb
  3764 | D:6      | Found a basalt altar of Yredelemnul.
  3905 | D:7      | Reached skill level 11 in Unarmed Combat
  4341 | D:7      | Found an ancient bone altar of Kikubaaqudgha.
  4343 | D:7      | Found a blossoming altar of Fedhas.
  4594 | D:8      | Noticed Pikel
  4636 | D:6      | Reached skill level 12 in Unarmed Combat
  4888 | D:7      | Killed Pikel
  4889 | D:7      | Reached skill level 1 in Armour
  4889 | D:7      | Reached XP level 9. HP: 32/70 MP: 8/8
  5101 | D:8      | Noticed Grum
  5195 | D:8      | Killed Grum
  5414 | D:8      | Noticed Gastronok
  5838 | D:8      | Killed Gastronok
  5839 | D:8      | Reached skill level 5 in Fighting
  5839 | D:8      | Reached skill level 5 in Dodging
  5839 | D:8      | Reached XP level 10. HP: 83/83 MP: 9/9
  5850 | D:8      | Found a transporter.
  5851 | D:8      | Noticed night's ghost (novice TrMo)
  5854 | D:8      | Noticed a moth of wrath
  5988 | D:8      | Found a glowing golden altar of the Shining One.
  6034 | D:8      | Reached skill level 13 in Unarmed Combat
  6115 | D:8      | Found a hazy altar of Hepliaklqana.
  6146 | D:8      | Found a broken altar of Ashenzari.
  6216 | D:8      | Found a transporter.
  6397 | D:9      | Reached ** piety under Makhleb
  6731 | D:9      | Reached skill level 5 in Armour
  6766 | D:9      | Found Quil's Weapon Shop.
  6911 | D:9      | Reached *** piety under Makhleb
  6929 | D:9      | Reached XP level 11. HP: 90/92 MP: 10/10
  7011 | D:10     | Entered Level 10 of the Dungeon
  7017 | D:10     | Noticed Fannar
  7032 | D:10     | Killed Fannar
  7698 | D:10     | Found a staircase to the Lair.
  8071 | Lair:1   | Entered Level 1 of the Lair of Beasts
  8341 | Lair:1   | Noticed Nergalle
  8365 | Lair:1   | Slain by a komodo dragon

Illustrated notes

Levels and vault maps discovered:
D:1:      mrwooster_arrival_statue, layout_rooms
D:2:      layout_rooms, fedhas_altar_2
D:3:      layout_rooms, minmay_misc_feat_rows
D:4:      layout_basic, grunt_temple_overflow_open, minmay_manual_monstrance
D:5:      lemuel_insect_pit, layout_basic, minmay_temple_entry_trees,
          serial_shops, nicolae_shop_stone, shop, kennysheep_little_box,
          shop_statue, uniq_edmund, uniq_crazy_yiuf_cottage
D:6:      layout_cave_pools, yredelemnul_altar_generic, uniq_eustachio
D:7:      layout_basic, grunt_temple_overflow_growth_and_decay
D:8:      layout_rooms, lemuel_doored_altar, nzn_hepliaklqana_mist_gate,
          gammafunk_ghost_berserking_beasts, nicolae_tso_carved_into_rock,
          uniq_gastronok, uniq_pikel, uniq_grum
D:9:      layout_basic, serial_shops, nicolae_shop_statue_plus
D:10:     layout_basic, lair_entry_dummy, serial_glass, glass_columns_b,
          glass_columns_a, glass_columns_c, glass_columns_a, glass_columns_a,
          glass_columns_b, glass_columns_b, glass_columns_a,
          minmay_strange_pillars, feat_on_display, grunt_ministairs_14,
          fountainhead, uniq_fannar
Temple:   regret_index_temple_waves
Lair:1:   layout_small_grid, serial_bayou_shore_b, grunt_megastairs_1,
          uniq_nergalle

Skill      XL: |  1  2  3  4  5  6  7  8  9 10 11 |
---------------+----------------------------------+-----
Unarmed Combat | 4 5 6 7 8 10 12 13 | 13.7
Fighting       | 3 5 7 |  7.8
Armour         | 1 4 5 6 |  6.1
Dodging        | 3 5 6 |  6.8
Throwing       | |  1.7

Action                   |  1- 3 |  4- 6 |  7- 9 | 10-12 || total
-------------------------+-------+-------+-------+-------++-------
Melee: Unarmed           |   117 |   181 |   240 |   340 ||   878
       Punch             |     1 |     4 |    13 |    17 ||    35
Throw: Throwing net      |       |     1 |     3 |     2 ||     6
Evoke: Wand              |       |       |     1 |     1 ||     2
  Use: Scroll            |     6 |     2 |     3 |     2 ||    13
 Stab: Held in net/web   |       |       |     2 |       ||     2
Armor: Leather armour    |    20 |       |       |       ||    20
       Chain mail        |    43 |    37 |       |       ||    80
       Plate armour      |       |    42 |   132 |   170 ||   344
Dodge: Dodged            |    67 |    55 |    58 |    98 ||   278
